 Dungeon Crawl Stone Soup version 0.28-a0-1002-gf00fe891ef (webtiles) character file.

Game seed: 14101797164084948701

49 Snarg the Sneak (level 3, -1/18 HPs)
             Began as a Vine Stalker Brigand on Dec 7, 2021.
             Slain by a kobold (2 damage)
             ... on level 2 of the Dungeon.
             The game lasted 00:02:51 (1032 turns).

Snarg the Sneak (Vine Stalker Brigand)              Turns: 1032, Time: 00:02:51

Health: -1/18      AC:  6    Str: 13    XL:     3   Next: 75%
Magic:  0/4        EV: 11    Int: 11    God:
Gold:   44         SH:  0    Dex: 17    Spells: 2/2 levels left

rFire   . . .      SeeInvis .   a - +2 dagger
rCold   . . .      Faith    .   (no shield)
rNeg    . . .      Spirit   +   q - +0 leather armour
rPois   .          Reflect  .   f - +0 helmet
rElec   .          Harm     .   m - +1 cloak
rCorr   .          Rampage  .   (no gloves)
Will    .....                   (no boots)
Stlth   +++.......              (no amulet)
HPRegen 0.06/turn               (no ring)
MPRegen 0.09/turn               (no ring)

@: no status effects
A: fangs 2, magic shield, antimagic bite, no potion heal 2
a: no special abilities


You were on level 2 of the Dungeon.
You visited 1 branch of the dungeon, and saw 2 of its levels.

You collected 44 gold pieces.

Inventory:

Hand Weapons
 a - a +2 dagger (weapon)
 g - a +0 rapier
Missiles
 d - 8 poisoned darts
 e - 2 curare-tipped darts
 i - 19 stones (quivered)
 n - 3 atropa-tipped darts
 o - 5 boomerangs
Armour
 b - a +0 robe
 c - a +0 cloak
 f - a +0 helmet (worn)
 m - a +1 cloak (worn)
 q - a +0 leather armour (worn)
Magical Staves
 r - a staff of fire
Scrolls
 k - a scroll of teleportation {unknown}
 l - a scroll of amnesia {unknown}
 p - 3 scrolls of torment {unknown}
 u - a scroll of brand weapon {unknown}
Potions
 h - 2 potions of might {unknown}
 j - a potion of curing {unknown}
 s - a potion of haste {unknown}
 t - a potion of lignification {unknown}


   Skills:
 - Level 2.0 Fighting
 + Level 2.9 Short Blades
 + Level 2.3 Throwing
 + Level 0.2 Armour
 + Level 0.9 Dodging
 - Level 5.0 Stealth


You had 2 spell levels left.
You didn't know any spells.
Your spell library was empty.

Dungeon Overview and Level Annotations

Branches:
Dungeon (2/15)

Altars:
Cheibriados

Annotations:
D:1 clr


Innate Abilities, Weirdness & Mutations

You have extremely sharp teeth.
When hurt, damage is shared between your health and your magic reserves.
Your bite disrupts and absorbs the magic of your enemies.
Potions cannot restore your health.


Message History

The adder is heavily wounded.
The adder bites you.
You are poisoned.
The adder poisons you!
You miss the adder.
The adder is heavily wounded.
You feel sick. The adder barely misses you.
You completely miss the adder.
The adder is heavily wounded.
You feel sick. The adder bites you but does no damage.
You hit the adder. You bite the adder, but do no damage.
The adder is almost dead.
You feel sick. The adder bites you but does no damage.
The adder barely misses you.
You miss the adder.
The adder is almost dead.
You feel sick. The adder bites you but does no damage.
You miss the adder.
The adder is almost dead.
You feel sick. The adder bites you.
You are more poisoned.
The adder poisons you!
You completely miss the adder. Your bite misses the adder.
The adder is severely wounded.
* * * LOW HITPOINT WARNING * * *
You feel sick. The adder barely misses you.
You hit the adder but do no damage. You bite the adder.
You kill the adder!
* * * LOW HITPOINT WARNING * * *
You feel sick.
* * * LOW HITPOINT WARNING * * *
You feel sick.
* * * LOW HITPOINT WARNING * * *
You feel sick.
* * * LOW HITPOINT WARNING * * *
You feel sick.
You are no longer poisoned.
There is a stone staircase leading up here.
The kobold hits you with a +0 whip.
You die...

#.( #.. #.# #.#
.. #.# ..#
##.###..#
#.......#
#.#####.......#
#...@K.......##
#######......#
#......#
##.###.#
#.....# #####
#..#### #....
#..# #.### #..#
#.# #..# #.#


You could see a kobold.

Vanquished Creatures
  2 adders (D:2)
  2 dart slugs
  2 ball pythons
  2 endoplasms
  2 giant cockroaches
  3 goblins
  3 hobgoblins
  4 jackals (D:2)
  A kobold (D:1)
  2 rats
23 creatures vanquished.

Notes
Turn   | Place    | Note
-------+----------+-------------------------------------------
     0 | D:1      | Snarg the Vine Stalker Brigand began the quest for the Orb.
     0 | D:1      | Reached XP level 1. HP: 11/11 MP: 2/2
    43 | D:1      | Found a faded altar of an unknown god.
   129 | D:1      | Reached skill level 5 in Stealth
   163 | D:1      | Reached XP level 2. HP: 15/15 MP: 3/3
   804 | D:2      | Reached XP level 3. HP: 18/18 MP: 4/4
   913 | D:2      | Found a snail-covered altar of Cheibriados.
  1032 | D:2      | Slain by a kobold

Illustrated notes

Levels and vault maps discovered:
D:1:      dpeg_arrival_connections, layout_loops_ring,
          shapermc_ecumenical_altar_acropolis
D:2:      layout_loops_ring, basic_altar

Skill      XL: |  1  2 |
---------------+-------+-----
Stealth        | 5 |  5.0
Short Blades   | 2 |  2.9
Fighting       | 2 |  2.0
Throwing       | 2 |  2.3
Armour         | |  0.2
Dodging        | |  0.9

Action                   || total
-------------------------++-------
Melee: Dagger            ||    43
       Bite              ||    11
Throw: Stone             ||    19
 Stab: Sleeping          ||     9
Armor: Robe              ||     1
       Leather armour    ||     9
Dodge: Dodged            ||    19

Table legend: (Time is in decaauts)
 A = Elapsed time spent in this place.
 B = Non-inter-level travel time spent in this place.
 C = Inter-level travel time spent in this place.
 D = Time resting spent in this place.
 E = Time spent auto-exploring this place.
 F = Levels seen in this place.
 G = Mean time per level.
                   A        B        C        D        E       F      G
               +--------+--------+--------+--------+--------+-----+--------+
         Total |   1026 |   1005 |     21 |      0 |    772 |   2 |  513.0 |
       Dungeon |   1026 |   1005 |     21 |      0 |    772 |   2 |  513.0 |
               +--------+--------+--------+--------+--------+-----+--------+

Top non-repeatable levels by time:
     D:1: 685 daAuts
     D:2: 340 daAuts
